 Dungeon Crawl Stone Soup version 0.22-a0-601-gb0ed703 (webtiles) character file.

3568 nikopol the Thaumaturge (level 9, -11/46 HPs)
             Began as a Deep Elf Fire Elementalist on July 6, 2018.
             Was an Initiate of Vehumet.
             Mangled by a skeletal warrior
             ... wielding a +0 mace
             ... led by a skeletal warrior
              (22 damage)
             ... on level 7 of the Dungeon.
             The game lasted 00:21:08 (7351 turns).

nikopol the Thaumaturge (DEFE)                      Turns: 7351, Time: 00:21:09

Health: -11/46     AC:  4    Str:  5    XL:     9   Next: 84%
Magic:  0/26       EV: 14    Int: 24    God:    Vehumet [......]
Gold:   531        SH:  0    Dex: 15    Spells: 15/30 levels left

rFire    . . .     SeeInvis .   (no weapon)
rCold    . . .     Gourm    .   (no shield)
rNeg     . . .     Faith    .   a - +0 robe
rPois    .         Spirit   .   r - +0 helmet
rElec    .         Reflect  .   m - +0 cloak
rCorr    .         Harm     .   (no gloves)
MR       .....                  (no boots)
Stlth    +++.......             (no amulet)
HPRegen  0.15/turn              (no ring)
MPRegen  0.20/turn              (no ring)

@: no status effects
A: no striking features
a: Renounce Religion


You were on level 7 of the Dungeon.
You worshipped Vehumet.
Vehumet was noncommittal.
You were very hungry.

You visited 2 branches of the dungeon, and saw 8 of its levels.

You collected 531 gold pieces.

Inventory:

Hand Weapons
 w - a +1 short sword of speed
Armour
 a - a +0 robe (worn)
 m - a +0 cloak (worn)
 r - a +0 helmet (worn)
Wands
 o - a wand of disintegration (9)
 s - a wand of flame (16)
Scrolls
 g - a scroll of random uselessness {unknown}
 h - a scroll of fear {unknown}
 l - 2 scrolls of amnesia {unknown}
 n - 3 scrolls of remove curse
 p - a scroll of noise {unknown}
 q - 2 scrolls of teleportation {unknown}
 t - a scroll of magic mapping {unknown}
 y - 2 scrolls of holy word {unknown}
 z - a scroll of enchant armour {unknown}
 A - a scroll of enchant weapon {unknown}
Potions
 b - a potion of berserk rage {unknown}
 d - 3 potions of lignification
 e - a potion of resistance
 f - 2 potions of heal wounds
 i - 2 potions of brilliance
 j - a potion of flight
 k - 2 potions of curing
 v - a potion of haste {unknown}
Comestibles
 c - 3 rations


   Skills:
 + Level 0.8 Fighting
 + Level 4.1 Dodging
 + Level 4.5 Stealth
 + Level 0.1 Unarmed Combat
 + Level 11.0 Spellcasting
 + Level 8.1 Conjurations
 + Level 9.0 Fire Magic


You had 15 spell levels left.
You knew the following spells:

 Your Spells              Type           Power        Failure   Level  Hunger
a - Flame Tongue          Conj/Fire      #####        1%          1    None
b - Throw Flame           Conj/Fire      ######       1%          2    None
c - Conjure Flame         Conj/Fire      ######..     1%          3    None
d - Sticky Flame          Conj/Fire      ######..     1%          4    None
e - Fireball              Conj/Fire      ######....   3%          5    ####...

Your spell library contained the following spells:

 Spells                   Type           Power        Failure   Level  Hunger
 Inner Flame              Hex/Fire       #####...     2%          3    None


Dungeon Overview and Level Annotations

Branches:
Dungeon (7/15)             Temple (1/1) D:7

Altars:
Dithmenos
Elyvilon
Fedhas
Kikubaaqudgha
Makhleb
Okawaru
Qazlal
Trog
Uskayaw
Vehumet
Wu Jian
Xom
Yredelemnul
Zin
The Shining One

Shops:
D:6 %

Annotations:
D:2 exclusion: oklob plant


Message History

The skeletal warrior is moderately damaged.
The fireball engulfs the skeletal warrior.
The skeletal warrior is severely damaged.
The skeletal warrior hits you with a mace!
* * * LOW HITPOINT WARNING * * *
There is an escape hatch in the ceiling here.
Okay, then.
Okay, then.
Casting: Fireball (safe; 3% risk of failure)
Confirm with . or Enter, or press ? or * to list all spells.
Aiming: Sticky Flame (safe; 1% risk of failure)
Press: ? - help, Shift-Dir - straight line, f - skeletal warrior, p - skeletal warrior
Aim: a skeletal warrior, wielding a mace (severely damaged)
The sticky flame hits the skeletal warrior.
The skeletal warrior appears unharmed.
The skeletal warrior is severely damaged.
The skeletal warrior is covered in liquid flames!
The skeletal warrior burns!
The skeletal warrior hits you with a mace!!
You die...

##..## #..# #..# #..# ######
###########..############# #.....
+....+...†...(##.........########
#....#######..##............<....
.........###...######'#......####
.......#.#.#..zz@..##.#.###.....#
####.>...#).<....#.##.#.........#
.......#.....#..##...............
####...#...#.#)(.####.####.#.....
####.#.#...#.#.#.#...............
.......#...#.#.#.#.##.####.####..
####.###...#...#.#...............
#.#.....#.....................
####.#.#.#.........##.###...###..


You could see 2 skeletal warriors.

Vanquished Creatures
  A skeletal warrior (D:7)
  A hippogriff (D:7)
  Sigmund (D:6)
  A spriggan (D:7)
  4 yaks (D:7)
  Menkaure (D:4)
  Edmund (D:4)
  An ice beast (D:5)
  A sky beast (D:7)
  2 centaurs (D:7)
  4 ogres
  A big kobold (D:7)
  A bullfrog (D:7)
  A scorpion (D:7)
  5 killer bees (D:7)
  A howler monkey (D:5)
  A bullfrog zombie (D:5)
  2 jellies (D:5)
  4 hounds
  Crazy Yiuf (D:4)
  An orc priest (D:6)
  Jessica (D:3)
  A bullfrog skeleton (D:5)
  3 worker ants
  A howler monkey skeleton (D:5)
  9 adders
  A shadow imp (D:7)
  An ooze (D:2)
  4 adder skeletons
  2 worms
  A dart slug (D:4)
  A leopard gecko (D:4)
  10 orcs
  5 bats
  5 giant cockroaches
  9 goblins
  8 hobgoblins
  7 jackals (D:4)
  8 kobolds
  4 quokkas
  3 ball pythons
  5 frilled lizards
  6 rats
  2 fungi (D:5)
133 creatures vanquished.

Notes
Turn   | Place    | Note
-------+----------+-------------------------------------------
     0 | D:1      | nikopol the Deep Elf Fire Elementalist began the quest for the Orb.
     0 | D:1      | Reached XP level 1. HP: 10/10 MP: 6/6
   273 | D:1      | Reached XP level 2. HP: 15/15 MP: 2/8
   923 | D:2      | Reached XP level 3. HP: 19/19 MP: 7/10
   933 | D:2      | Learned a level 2 spell: Throw Flame
   937 | D:2      | Learned a level 3 spell: Conjure Flame
  1040 | D:2      | Found a white marble altar of Elyvilon.
  1127 | D:2      | Found a blossoming altar of Fedhas.
  1149 | D:2      | Noticed an oklob plant
  1371 | D:2      | You fall through a shaft!
  1371 | D:3      | Noticed Jessica
  1394 | D:3      | Killed Jessica
  1394 | D:3      | Reached XP level 4. HP: 24/24 MP: 5/11
  1816 | D:3      | Reached skill level 4 in Spellcasting
  2078 | D:4      | Reached XP level 5. HP: 14/28 MP: 4/13
  2327 | D:4      | Learned a level 4 spell: Sticky Flame
  2347 | D:4      | Found a shadowy altar of Dithmenos.
  2619 | D:4      | Noticed Menkaure
  2625 | D:4      | Killed Menkaure
  2625 | D:4      | Reached skill level 5 in Spellcasting
  2625 | D:4      | Reached skill level 5 in Fire Magic
  2625 | D:4      | Reached XP level 6. HP: 17/32 MP: 6/15
  2632 | D:4      | Learned a level 5 spell: Fireball
  3105 | D:4      | Found an iron altar of Okawaru.
  3151 | D:4      | Noticed Edmund
  3424 | D:4      | Killed Edmund
  3665 | D:4      | Found a runed door.
  3669 | D:4      | Noticed Crazy Yiuf
  3672 | D:4      | Killed Crazy Yiuf
  3672 | D:4      | Reached XP level 7. HP: 36/36 MP: 11/17
  3826 | D:5      | Entered Level 5 of the Dungeon
  4136 | D:5      | Reached skill level 6 in Spellcasting
  4500 | D:5      | Reached skill level 7 in Spellcasting
  4950 | D:5      | Reached XP level 8. HP: 13/41 MP: 13/21
  5306 | D:6      | Found Obloept's Food Shoppe.
  5345 | D:6      | Reached skill level 5 in Conjurations
  5384 | D:6      | Found a stormy altar of Qazlal.
  5384 | D:6      | Found a basalt altar of Yredelemnul.
  5416 | D:6      | Found an ornate altar of the Wu Jian Council.
  5605 | D:6      | Noticed Sigmund
  5615 | D:6      | Killed Sigmund
  6064 | D:7      | Reached skill level 8 in Spellcasting
  6104 | D:7      | Noticed a hippogriff
  6121 | D:7      | Killed a hippogriff
  6409 | D:7      | Reached skill level 9 in Spellcasting
  6478 | D:7      | Reached XP level 9. HP: 45/45 MP: 9/24
  6778 | D:7      | Reached skill level 10 in Spellcasting
  7255 | D:7      | Found a staircase to the Ecumenical Temple.
  7262 | D:7      | Noticed a skeletal warrior
  7262 | D:7      | Noticed a skeletal warrior
  7262 | D:7      | Noticed a skeletal warrior
  7264 | Temple   | Entered the Ecumenical Temple
  7319 | Temple   | Became a worshipper of Vehumet
  7344 | D:7      | Killed a skeletal warrior
  7344 | D:7      | Reached skill level 11 in Spellcasting
  7351 | D:7      | Mangled by a skeletal warrior

Vault maps used:
D:1:      evilmike_arrival_fibonacci_small
D:2:      old_standard_altar, tgw_fedhas
D:3:      uniq_jessica
D:4:      lemuel_crystal_altar, okawaru_metal_pillars_1_2, uniq_edmund,
          uniq_menkaure, uniq_crazy_yiuf_cottage
D:5:      first_ration, minmay_gold_behind_fungi
D:6:      old_standard_altar, gammafunk_temple_overflow_wave, serial_shops,
          nicolae_shop_trees, minmay_misc_feat_pillars, uniq_sigmund
D:7:      minmay_temple_entry_butterflies, nicolae_sextant, the_bakery,
          minmay_holes
Temple:   nicolae_temple_great_sept

Skill      XL: |  1  2  3  4  5  6  7  8  9 |
---------------+----------------------------+-----
Fire Magic     | 4 5 6 7 9 |  9.0
Stealth        | 3 4 |  4.5
Conjurations   | 2 3 4 6 8 |  8.1
Spellcasting   | 4 5 7 9 11 | 11.0
Dodging        | 3 4 |  4.1
Fighting       | |  0.8
Unarmed Combat | |  0.1

Action                   |  1- 3 |  4- 6 |  7- 9 || total
-------------------------+-------+-------+-------++-------
Melee: Unarmed           |       |       |     5 ||     5
 Cast: Flame Tongue      |    59 |    93 |   129 ||   281
       Conjure Flame     |     1 |     2 |     5 ||     8
       Throw Flame       |       |     7 |    11 ||    18
       Sticky Flame      |       |     3 |    22 ||    25
       Fireball          |       |       |    15 ||    15
  Use: Scroll            |       |     6 |     2 ||     8
       Potion            |       |       |     1 ||     1
  Eat: Chunk             |     1 |     7 |    12 ||    20
       Ration            |       |       |     1 ||     1
Armor: Robe              |     3 |     4 |     9 ||    16
       Skin              |       |       |     1 ||     1
Dodge: Dodged            |    13 |    17 |    45 ||    75

Table legend:
 A = Spawn XP
 B = Non-spawn XP
 C = Spawn XP percentage of total XP
 D = Spawn monster count
 E = Non-spawn monster count
 F = Spawn count percentage of total count
 G = Total turns spent on level
                    A         B        C        D         E        F      G
               +---------+---------+-------+---------+---------+-------+---------
         Total |       0 |    5098 |   0.0 |       0 |     131 |   0.0 |  7351
               +---------+---------+-------+---------+---------+-------+---------
           D:1 |       0 |      30 |   0.0 |       0 |      17 |   0.0 |   803
           D:2 |       0 |      57 |   0.0 |       0 |      20 |   0.0 |   636
           D:3 |       0 |      96 |   0.0 |       0 |      13 |   0.0 |   627
           D:4 |       0 |     587 |   0.0 |       0 |      28 |   0.0 |  2026
           D:5 |       0 |     740 |   0.0 |       0 |      17 |   0.0 |  1219
           D:6 |       0 |     285 |   0.0 |       0 |       9 |   0.0 |   785
           D:7 |       0 |    3303 |   0.0 |       0 |      27 |   0.0 |  1188
               +---------+---------+-------+---------+---------+-------+---------
